 Dungeon Crawl Stone Soup version 0.19.5 (webtiles) character file.

347 equalderp2856 the Gouger (level 6, -4/28 HPs)
             Began as a Felid Fighter on Mar 14, 2017.
             Slain by an orc warrior
             ... wielding a +0 war axe
              (31 damage)
             ... in a bailey.
             The game lasted 00:24:23 (9274 turns).

equalderp2856 the Gouger (Felid Fighter)            Turns: 9274, Time: 00:24:23

Health: -4/28      AC:  4    Str: 13    XL:     6   Next: 32%
Magic:  6/6        EV: 22    Int: 12    God:
Gold:   311        SH:  4    Dex: 16    Spells: 0 memorised, 5 levels left
                                        Lives:  0   Deaths: 2

rFire  . . .     SeeInvis +       - Unarmed
rCold  . . .     Gourm    .     (armour unavailable)
rNeg   . . .     Faith    .     (shield unavailable)
rPois  .         Spirit   .     (helmet unavailable)
rElec  .         Reflect  .     (cloak unavailable)
rCorr  .         Harm     .     (gloves unavailable)
MR     .....                    (boots unavailable)
Stlth  ++++......               (no amulet)
                                (no ring)
                                (no ring)

@: exhausted, slowed, slow
A: no armour, no weapons or thrown items, stealth, claws 1, fangs 3, large bone
plates 1, yellow scales 1, see invisible, carnivore 3, clever 1, speed 1, low mp
1, shaggy fur 2, slow metabolism 1, sharp paws
a: no special abilities


You were in a bailey.
You were not hungry.

You visited 1 branch of the dungeon, and saw 7 of its levels.
You also visited: Sewer and Bailey.

You collected 311 gold pieces.

Inventory:

Missiles
 j - 49 arrows
Jewellery
 d - an uncursed amulet of faith
 i - an uncursed ring of protection from cold {unknown}
 s - an uncursed amulet of rage {unknown}
Wands
 v - a wand of digging (12/24)
Scrolls
 f - a scroll of identify
 g - 2 scrolls of teleportation
 n - 2 scrolls of amnesia
 o - a scroll of magic mapping
 t - a scroll of blinking
Potions
 a - 2 potions of might
 e - 2 potions of lignification
 h - 3 potions of heal wounds
 l - 2 potions of invisibility
 q - 2 potions of curing
 u - a potion of degeneration
Comestibles
 b - 4 meat rations
 k - 3 bread rations


   Skills:
 + Level 3.8 Fighting
 + Level 6.8 Dodging
 + Level 6.3 Stealth
 + Level 8.2 Unarmed Combat


You had 5 spell levels left.
You didn't know any spells.

Dungeon Overview and Level Annotations

Branches:
Dungeon (7/15)
 Temple: D:4-7

Altars:
Dithmenos
Hepliaklqana
Nemelex Xobeh
Yredelemnul
Zin

Shops:
D:5 (

Annotations:
D:6 Lizzreth's ghost, novice MiGl


Innate Abilities, Weirdness & Mutations

You cannot wear armour.
You are incapable of wielding weapons or throwing items.
Your paws allow you to move quietly. (Stealth)
You have sharp claws.
You have razor-sharp teeth.
You have supernaturally acute eyesight. (SInv)
You are carnivorous and can eat meat at any time.
You cover ground quickly.
You are covered in thick fur. (AC +2)
You have a slow metabolism.
Your sharp claws are effective at attacking unaware monsters.
You are partially covered in large bone plates. (SH +4)
You are partially covered in yellow scales. (AC +2)
Your mind is acute. (Int +2)
Your magical capacity is low. (-10% MP)


Message History

* * * LOW HITPOINT WARNING * * *
The orc closely misses you.
Unknown command.
As you open the gate, it creaks loudly! 7 orcs come into view.
The orc shouts! x5; You hear a shout!
The orc warrior misses you. The orc completely misses you.
The orc warrior barely misses you. The orc warrior misses you.
An orc, 2 orc warriors and an orc knight come into view.
An orc comes into view. It is wielding a trident.
The orc shouts!
The orc knight roars a battlecry!
The orcs go into a battle-frenzy!
There is an open gate here.
You feel much better.
The orc warrior shouts!
You block the orc's attack. The orc warrior misses you.
The orc warrior hits you with a war axe!!
Ouch! That really hurt!
You die...

###### ######
#.....#########.....#
....o..#.....#.......###
.o.oo..'.o.o.'.......#.$
....o..'.oo..'.......+.$
o.oo.o.@ooooo'.......#.$
..ooo..#.ooo.#.......###
#.....#########.....#
###### ######


You could see an orc knight, 7 orc warriors and 16 orcs.

Vanquished Creatures
  An orc warrior (Bailey)
  2 ogres
  A centaur (D:5)
  2 bullfrogs (Sewer)
  2 scorpions
  A quasit (D:5)
  A jelly (D:6)
  2 iguanas
  2 orc wizards (D:4)
  2 worker ants
  A hound skeleton (D:5)
  6 gnolls
  13 adders
  A river rat (D:5)
  8 oozes
  An adder zombie (D:1)
  4 worms
  9 leopard geckos
  21 orcs
  10 ball pythons
  8 bats
  19 giant cockroaches
  10 goblins
  5 hobgoblins
  2 jackals (D:1)
  4 kobolds
  9 quokkas
  23 frilled lizards
  A giant cockroach zombie (D:1)
  A leopard gecko zombie (D:4)
  2 quokka skeletons
  A quokka zombie (D:5)
  6 rats
181 creatures vanquished.

Notes
Turn   | Place    | Note
-------+----------+-------------------------------------------
     0 | D:1      | equalderp2856 the Felid Fighter began the quest for the Orb.
     0 | D:1      | Reached XP level 1. HP: 10/10 MP: 2/2
   459 | D:1      | Reached XP level 2. HP: 14/14 MP: 3/3
  1254 | D:1      | Reached XP level 3. HP: 17/17 MP: 4/4
  1611 | D:1      | Reached skill level 1 in Stealth
  1924 | D:2      | Reached XP level 4. HP: 19/21 MP: 5/5
  1969 | D:2      | Reached skill level 5 in Unarmed Combat
  2367 | D:2      | Found a shadowy altar of Dithmenos.
  2775 | D:3      | Reached XP level 5. HP: 12/24 MP: 6/6
  4267 | D:4      | Reached skill level 5 in Dodging
  4796 | D:4      | Gained mutation: You are covered in thick fur. (AC +2) [Felid growth]
  4796 | D:4      | Reached XP level 6. HP: 15/28 MP: 7/7
  5072 | D:4      | Reached skill level 6 in Unarmed Combat
  5229 | D:4      | Found a basalt altar of Yredelemnul.
  5460 | D:5      | Entered Level 5 of the Dungeon
  5732 | D:5      | Found Milamura's Antique Weapon Shop.
  5828 | D:5      | Found a sparkling altar of Nemelex Xobeh.
  5836 | D:5      | Reached XP level 7. HP: 13/31 MP: 8/8
  5938 | D:5      | Found a glowing drain.
  5942 | Sewer    | Entered a sewer
  6737 | Sewer    | Reached skill level 7 in Unarmed Combat
  7489 | D:5      | Found a hazy altar of Hepliaklqana.
  7542 | D:5      | Reached skill level 5 in Stealth
  7564 | D:5      | You fall through a shaft!
  7585 | D:6      | Noticed Lizzreth's ghost (novice MiGl)
  7854 | D:5      | Found a glowing silver altar of Zin.
  8435 | D:6      | Reached XP level 8. HP: 36/36 MP: 9/9
  8919 | D:6      | Reached skill level 8 in Unarmed Combat
  9056 | D:7      | Noticed a hippogriff
  9066 | D:7      | HP: 1/36 [hippogriff (12)]
  9066 | D:7      | Slain by a hippogriff
  9067 | D:7      | Reached XP level 7. HP: -2/31 MP: 8/8
  9152 | D:7      | Found a flagged portal.
  9171 | Bailey   | Entered a bailey
  9203 | Bailey   | Gained mutation: You are partially covered in yellow scales. (AC +2) [potion of mutation]
  9203 | Bailey   | Gained mutation: You are partially covered in large bone plates. (SH +4) [potion of mutation]
  9203 | Bailey   | Gained mutation: Your magical capacity is low. (-10% MP) [potion of mutation]
  9231 | Bailey   | Slain by an orc
  9232 | Bailey   | Reached XP level 6. HP: -1/28 MP: 6/6
  9253 | Bailey   | Gained mutation: Your mind is acute. (Int +2) [potion of beneficial mutation]
  9264 | Bailey   | Noticed an orc warrior
  9264 | Bailey   | Noticed an orc warrior
  9264 | Bailey   | Noticed an orc warrior
  9264 | Bailey   | Noticed an orc warrior
  9264 | Bailey   | Noticed an orc warrior
  9273 | Bailey   | Noticed an orc knight
  9273 | Bailey   | Noticed an orc warrior
  9273 | Bailey   | Noticed an orc warrior
  9274 | Bailey   | Slain by an orc warrior

Skill      XL: |  1  2  3  4  5  6  7  8 |
---------------+-------------------------+-----
Stealth        | 1 2 3 4 6 |  6.3
Unarmed Combat | 5 6 7 8 |  8.2
Dodging        | 5 6 |  6.8
Fighting       | |  3.8

Action                   |  1- 3 |  4- 6 |  7- 9 || total
-------------------------+-------+-------+-------++-------
Melee: Unarmed           |    95 |   206 |   260 ||   561
       Bite              |    13 |    17 |    11 ||    41
       Punch             |     3 |     3 |    11 ||    17
  Use: Potion            |       |     5 |     8 ||    13
       Scroll            |       |       |     9 ||     9
 Stab: Sleeping          |     3 |     8 |     6 ||    17
       Distracted        |     1 |       |     2 ||     3
       Invisible         |       |       |     6 ||     6
  Eat: Chunk             |     4 |    12 |     7 ||    23
Armor: Skin              |     3 |    13 |    12 ||    28
Dodge: Dodged            |    86 |   170 |   302 ||   558
Block: Other             |       |     1 |     9 ||    10
